Match 42290433
Unlisted

Match 42290433
End
Vickers Machine Gun Team
Selects Canadian Shock Battlegroup
Construct Section Command Post
Infantry Section
Infantry Section
Selects Attacking Spirit
Selects Canadian Shock Section
Canadian Shock Section
Construct Field Infirmary
Construct Platoon Command Post
6-pounder Anti-tank Gun Team
6-pounder Anti-tank Gun Team
Haja
ZeroEres
TidaL
Lobby Lobster
DoMxNightM4rE
Guardsman_12
0
0

Comments sign in to comment!

No comments posted yet!